 Dungeon Crawl Stone Soup version 0.29.1-1-gd02db6906a (webtiles) character file.

Game seed: 7492250040012052822

71 mcbry74 the Chopper (level 4, 0/40 HPs)
             Began as a Minotaur Berserker on Sept 23, 2022.
             Was a Believer of Trog.
             Slain by Terence
             ... wielding a +0 falchion of holy wrath
              (6 damage)
             ... on level 3 of the Dungeon.
             The game lasted 00:03:31 (2602 turns).

mcbry74 the Chopper (Minotaur Berserker)            Turns: 2602, Time: 00:03:31

Health: 0/40       AC:  2    Str: 22    XL:     4   Next: 5%
Magic:  3/3        EV: 12    Int:  6    God:    Trog [**....]
Gold:   77         SH:  0    Dex:  9    Spells: 3/3 levels left

rFire   . . .      SeeInvis .   k - +4 club
rCold   . . .      Faith    .   (no shield)
rNeg    . . .      Spirit   .   b - +0 animal skin
rPois   .          Reflect  .   (helmet restricted)
rElec   .          Harm     .   (no cloak)
rCorr   .          Rampage  .   (no gloves)
Will    .....                   (no boots)
Stlth   +.........              (no amulet)
HPRegen 0.13/turn               (no ring)
MPRegen 0.08/turn               (no ring)

@: no status effects
A: horns 2, retaliatory headbutt
a: Renounce Religion, Berserk, Trog's Hand


You were on level 3 of the Dungeon.
You worshipped Trog.
Trog was pleased with you.
You visited 1 branch of the dungeon, and saw 3 of its levels.

You collected 77 gold pieces.

Inventory:

Hand Weapons
 a - a +0 hand axe
 k - a +4 club (weapon)
Armour
 b - a +0 animal skin (worn)
Magical Staves
 n - a staff of earth
Scrolls
 d - a scroll of brand weapon
 e - a scroll of butterflies
 f - a scroll of enchant armour
 h - a scroll of amnesia
 j - a scroll of blinking
 o - a scroll of magic mapping {unknown}
Potions
 c - a potion of heal wounds {unknown}
 g - a potion of degeneration {unknown}
 i - a potion of magic {unknown}
 l - a potion of mutation {unknown}
 m - a potion of cancellation {unknown}


   Skills:
 - Level 4.0 Fighting
 * Level 4.9 Axes
 - Level 3.0 Armour
 + Level 3.0 Dodging


You had 3 spell levels left.
You didn't know any spells.
Your spell library was empty.

Dungeon Overview and Level Annotations

Branches:
Dungeon (3/15)

Altars:
Ashenzari

Annotations:
D:3 Terence


Innate Abilities, Weirdness & Mutations

You have a pair of horns on your head.
You reflexively headbutt those who attack you in melee.


Message History

You hit the ball python.
You kill the ball python!
Trog accepts your kill.
Your Dodging skill increases to level 3!
You see here a ball python corpse.
o - a scroll labelled JIRUVU EZAP You now have 77 gold pieces (gained 16).
Terence the Incautious comes into view.
He is wielding a +0 falchion of holy wrath.
Terence shouts!
You closely miss Terence.
Terence hits you with a +0 falchion of holy wrath.
You completely miss Terence.
Terence hits you with a +0 falchion of holy wrath.
You closely miss Terence.
Terence hits you with a +0 falchion of holy wrath.
You hit Terence.
Terence is lightly wounded.
Terence misses you.
Terence says, "Don't bother to defend, it's senseless."
Terence hits you with a +0 falchion of holy wrath.
You hit Terence. Your headbutt misses Terence.
Terence is moderately wounded.
Terence closely misses you.
You hit Terence.
Terence is heavily wounded.
Terence hits you with a +0 falchion of holy wrath!
You hit Terence.
Terence is severely wounded.
Terence hits you with a +0 falchion of holy wrath.
You hit Terence.
Terence is almost dead.
Terence hits you with a +0 falchion of holy wrath.
You barely miss Terence.
Terence is almost dead.
Terence hits you with a +0 falchion of holy wrath!
* * * LOW HITPOINT WARNING * * *
You barely miss Terence.
Terence is almost dead.
Terence hits you with a +0 falchion of holy wrath.
You die...

..##.#
#####.§≈⌠.§≈..
#.....≈§>_§§§#
#.###†§§§§§≈§#
##.# #§§§§§§≈§#
...# #...§§.§.#
##..# ##.####.##
... #..# . #@#
##.# ##@##
##.########.
##...##
#...........
#.....#
#.#.##.#####
##....###.#.##.#
##.#.......##.#
#######.####.#
#.####.#
#......#
########


You could see Terence.

Vanquished Creatures
  Jessica (D:2)
  A worm (D:2)
  2 ball pythons
  2 bats (D:1)
  3 endoplasms
  3 giant cockroaches
  4 goblins
  6 hobgoblins
  3 jackals (D:2)
  4 kobolds
  4 quokkas
  2 rats
35 creatures vanquished.

Vanquished Creatures (others)
  4 plants (D:2)
4 creatures vanquished.

Grand Total: 39 creatures vanquished

Notes
Turn   | Place    | Note
-------+----------+-------------------------------------------
     0 | D:1      | mcbry74 the Minotaur Berserker began the quest for the Orb.
     0 | D:1      | Reached XP level 1. HP: 19/19 MP: 0/0
   746 | D:1      | Reached XP level 2. HP: 21/27 MP: 1/1
  1363 | D:2      | Noticed Jessica
  1375 | D:2      | Killed Jessica
  1376 | D:2      | Reached XP level 3. HP: 12/33 MP: 2/2
  2019 | D:2      | Reached ** piety under Trog
  2439 | D:3      | Reached XP level 4. HP: 36/40 MP: 3/3
  2470 | D:3      | Found a faded altar of an unknown god.
  2549 | D:3      | Found a broken altar of Ashenzari.
  2591 | D:3      | Noticed Terence
  2602 | D:3      | Slain by Terence

Illustrated notes

Levels and vault maps discovered:
D:1:      spicycebolla_arrival_xxxplode, layout_loops_corners,
          nicolae_concentric_dashed_squares_mild
D:2:      layout_rooms, serial_forest, infiniplex_forest_end_1,
          infiniplex_forest_end_1, infiniplex_forest_straight_5,
          infiniplex_forest_clump_curved, infiniplex_forest_end_2,
          infiniplex_forest_clump_long, infiniplex_forest_split, uniq_jessica
D:3:      layout_loops_cross, general_overflow_altar,
          mainiacjoe_overflow_concentric_impassable,
          shapermc_ecumenical_altar_ellora, uniq_grinder, uniq_robin,
          uniq_terence

Skill      XL: |  1  2  3  4 |
---------------+-------------+-----
Axes           | 4 |  4.9
Fighting       | 4 |  4.0
Armour         | 3 |  3.0
Dodging        | 3 |  3.0

Action                   |  1- 3 |  4- 6 || total
-------------------------+-------+-------++-------
Melee: Hand axe          |    34 |       ||    34
       Headbutt          |     9 |       ||     9
       Club              |    25 |    14 ||    39
  Use: Scroll            |     6 |       ||     6
Armor: Animal skin       |     5 |     1 ||     6
Dodge: Dodged            |    49 |     4 ||    53
